 Dungeon Crawl Stone Soup version 0.21.1-1-g345015f (webtiles) character file.

575 Mirai the Thaumaturge (level 7, -25/36 HPs)
             Began as a Deep Elf Conjurer on Apr 1, 2018.
             Annihilated by an ogre
             ... wielding a +0 giant spiked club
              (33 damage)
             ... on level 5 of the Dungeon.
             The game lasted 00:09:05 (3572 turns).

Mirai the Thaumaturge (Deep Elf Conjurer)           Turns: 3572, Time: 00:09:06

Health: -25/36     AC:  5    Str:  5    XL:     7   Next: 12%
Magic:  22/22      EV: 13    Int: 22    God:
Gold:   211        SH:  0    Dex: 15    Spells: 15/26 levels left

rFire    + . .     SeeInvis .   l - +0 dagger (curse)
rCold    . . .     Gourm    .   (no shield)
rNeg     . . .     Faith    .   a - +1 robe
rPois    .         Spirit   .   f - +1 helmet
rElec    .         Reflect  .   p - scarf {cloud immunity}
rCorr    .         Harm     .   (no gloves)
MR       .....                  (no boots)
Stlth    ++........             (no amulet)
HPRegen  0.12/turn              g - ring of protection from cold
MPRegen  0.18/turn              j - ring of fire

@: no status effects
A: no striking features
a: no special abilities


You were on level 5 of the Dungeon.
You were not hungry.

You visited 1 branch of the dungeon, and saw 5 of its levels.

You collected 211 gold pieces.

Inventory:

Hand Weapons
 l - a cursed +0 dagger (weapon)
Armour
 a - a +1 robe (worn)
 f - a +1 helmet (worn)
 p - a scarf of cloud immunity (worn)
Jewellery
 g - a ring of protection from cold (left hand)
 j - a ring of fire (right hand)
 m - an uncursed ring of flight
 r - a +4 ring of strength {unknown}
Scrolls
 d - a scroll of fear
 n - a scroll of teleportation {unknown}
 q - a scroll of enchant armour
 s - a scroll of remove curse {unknown}
Books
 b - a book of Conjurations

   Spells                             Type                      Level
   a - Magic Dart                     Conjuration                  1
   b - Searing Ray                    Conjuration                  2
   c - Dazzling Spray                 Conjuration/Hexes            3
   d - Fulminant Prism                Conjuration/Hexes            4
   e - Force Lance                    Conjuration/Translocation    4
   f - Iskenderun's Mystic Blast      Conjuration                  4
Comestibles
 c - 7 rations


   Skills:
 - Level 2.4 Dodging
 - Level 2.4 Stealth
 + Level 10.2 Spellcasting
 + Level 4.4 Conjurations
 + Level 0.3 Hexes
 + Level 0.2 Evocations


You had 15 spell levels left.
You knew the following spells:

 Your Spells              Type           Power        Failure   Level  Hunger
a - Magic Dart            Conj           ####         1%          1    None
b - Searing Ray           Conj           ####..       1%          2    None
c - Iskenderun's Mystic   Conj           ####....     10%         4    ##.....
d - Fulminant Prism       Conj/Hex       ###.......   22%         4    ##.....


Dungeon Overview and Level Annotations

Branches:
Dungeon (5/15)
 Temple: D:4-7

Altars:
Kikubaaqudgha

Annotations:
D:5 Dowan, Duvessa, Edmund, Menkaure


Message History

You slide downwards.
The hatch slams shut behind you.
Level annotation: Dowan, Duvessa, Edmund, Menkaure A scorpion and an ogre come into view.
The ogre shouts!
The ogre hits you with a giant spiked club!!
Ouch! That really hurt!
The scorpion stings you.
The worker ant zombie bites you but does no damage.
Found a dark potion.
A leopard gecko skeleton comes into view.
The jackal skeleton barely misses you. The jackal skeleton misses you.
A quokka comes into view.
The teleport trap disappears.
The leopard gecko skeleton disappears!
Duvessa says, "My weaknesses are his strengths!"
Duvessa hits you with a rapier of speed!
* * * LOW HITPOINT WARNING * * *
The ogre hits you with a giant spiked club!!
Ouch! That really hurt!
You die...

......# #...# .......
#....#.
................
.................
................
..........#... .
#...........#..... #
#.........@##..... ##
###........OZ.....# ..
..........@Z#....###.
..
..........se.........
..
..........Ze.#..?.##.
..
.......r....#.รท......
..
..........#..<#.#.#.
..
................#...
..
.....#...........>..


You could see Edmund, Duvessa, an ogre, Dowan, a scorpion, a jackal zombie, a
worker ant zombie, a quokka and a jackal skeleton.

Vanquished Creatures
  3 ogres (D:4)
  A crimson imp (D:3)
  A hound (D:4)
  An orc wizard (D:4)
  A bullfrog skeleton (D:4)
  2 worker ants
  A gnoll (D:4)
  6 adders
  An ooze (D:1)
  An adder skeleton (D:4)
  2 dart slugs
  4 leopard geckos
  7 orcs (D:4)
  6 bats
  3 bat zombies (D:3)
  3 giant cockroaches
  4 goblins
  6 hobgoblins
  3 jackals (D:5)
  3 quokkas
  5 frilled lizards
  7 kobolds
  4 rats
  2 rat zombies (D:3)
77 creatures vanquished.

Notes
Turn   | Place    | Note
-------+----------+-------------------------------------------
     0 | D:1      | Mirai the Deep Elf Conjurer began the quest for the Orb.
     0 | D:1      | Reached XP level 1. HP: 10/10 MP: 6/6
   130 | D:1      | Reached skill level 4 in Spellcasting
   130 | D:1      | Reached XP level 2. HP: 15/15 MP: 6/9
   646 | D:2      | Reached XP level 3. HP: 17/19 MP: 3/11
   654 | D:2      | Learned a level 2 spell: Searing Ray
   723 | D:2      | Reached skill level 5 in Spellcasting
  1171 | D:2      | Reached XP level 4. HP: 24/24 MP: 8/13
  1364 | D:3      | Reached skill level 6 in Spellcasting
  1581 | D:3      | Learned a level 4 spell: Iskenderun's Mystic Blast
  1586 | D:3      | Learned a level 4 spell: Fulminant Prism
  1647 | D:3      | Reached skill level 7 in Spellcasting
  1647 | D:3      | Reached XP level 5. HP: 10/28 MP: 6/16
  2030 | D:3      | Found an ancient bone altar of Kikubaaqudgha.
  2276 | D:4      | Reached skill level 8 in Spellcasting
  2449 | D:4      | Reached XP level 6. HP: 31/32 MP: 12/19
  2474 | D:4      | Reached skill level 9 in Spellcasting
  2613 | D:4      | Reached skill level 10 in Spellcasting
  2613 | D:4      | Reached XP level 7. HP: 36/36 MP: 12/22
  3136 | D:5      | Entered Level 5 of the Dungeon
  3136 | D:5      | Noticed Edmund
  3136 | D:5      | Noticed Menkaure
  3177 | D:5      | Noticed Duvessa
  3184 | D:5      | Noticed Dowan
  3572 | D:5      | Annihilated by an ogre

Skill      XL: |  1  2  3  4  5  6 |
---------------+-------------------+-----
Spellcasting   | 4 5 7 8 10 | 10.2
Dodging        | |  2.4
Stealth        | |  2.4
Conjurations   | |  4.4
Hexes          | |  0.3
Evocations     | |  0.2

Action                   |  1- 3 |  4- 6 |  7- 9 || total
-------------------------+-------+-------+-------++-------
Melee: Dagger            |     4 |     1 |       ||     5
       Unarmed           |     1 |       |       ||     1
 Cast: Magic Dart        |    61 |    64 |     8 ||   133
       Searing Ray       |     1 |    14 |     5 ||    20
  Use: Scroll            |       |     8 |       ||     8
       Potion            |       |       |     4 ||     4
  Eat: Chunk             |     1 |     4 |     3 ||     8
Armor: Robe              |     1 |     5 |     9 ||    15
Dodge: Dodged            |    13 |    33 |    17 ||    63
